| TOP OF THE 1ST |
|
Amarillo Gold Sox batting - Pitching for Shreveport Braves : RHP Andre Treadway
|
|
Pitching: RHP Andre Treadway
|
|
|
Batting: SHB Mike Felder
|
0-0: Swinging Strike 0-1: Fly out, F9 (Line Drive, 9, EV 104.4 MPH)
|
|
Batting: LHB Hector Arroyo
|
0-0: Ball 1-0: Foul Ball, location: 2F 1-1: SINGLE (Groundball, 4D, EV 94.4 MPH)
|
|
Batting: SHB Al Newman
|
0-0: Ball Hector Arroyo is caught stealing 2nd base 2-6 1-0: Ball 2-0: Called Strike 2-1: Ball 3-1: Base on Balls
|
|
Batting: SHB Steve Jeltz
|
0-0: Called Strike Al Newman steals 2nd base 0-1: Swinging Strike 0-2: Ball 1-2: Ball 2-2: Ball 3-2: Strikes out swinging
|
| Top of the 1st over - 0 runs, 1 hit, 0 errors, 1 left on base; Amarillo 0 - Shreveport 0 |
| BOTTOM OF THE 1ST |
|
Shreveport Braves batting - Pitching for Amarillo Gold Sox : LHP Gregg Lorenz
|
|
Pitching: LHP Gregg Lorenz
|
|
|
Batting: LHB Rusty McNealy
|
0-0: Foul Ball, location: 2F 0-1: Ground out 4-3 (Groundball, 4, EV 86.3 MPH)
|
|
Batting: RHB Jeff Matthews
|
0-0: Ball 1-0: Called Strike 1-1: Ball 2-1: Called Strike 2-2: Ball 3-2: Ground out 4-3 (Groundball, 4, EV 103.8 MPH)
|
|
Batting: SHB Sap Randall
|
0-0: Called Strike 0-1: Foul Ball, location: 2F 0-2: Strikes out looking
|
| Bottom of the 1st over - 0 runs, 0 hits, 0 errors, 0 left on base; Amarillo 0 - Shreveport 0 |
| TOP OF THE 2ND |
|
Amarillo Gold Sox batting - Pitching for Shreveport Braves : RHP Andre Treadway
|
|
Batting: LHB Derwin McNealy
|
0-0: Called Strike 0-1: Swinging Strike 0-2: Ball 1-2: Ball 2-2: Foul Ball, location: 2F 2-2: Ball 3-2: Foul Ball, location: 2F 3-2: Base on Balls
|
|
Batting: RHB Andrew Barbee
|
0-0: Ball 1-0: Called Strike 1-1: DOUBLE (Line Drive, 9LM, EV 93.8 MPH) Derwin McNealy to third
|
|
Batting: RHB Chino Cadahia
|
0-0: Foul Ball, location: 2F 0-1: Foul Ball, location: 2F 0-2: Ground out 6-3 (Groundball, 6, EV 83.1 MPH) Derwin McNealy scores
|
|
Batting: RHB Vic Alvarado
|
0-0: Called Strike 0-1: Ball 1-1: Foul Ball, location: 2F 1-2: SINGLE (Line Drive, 9S, EV 95.6 MPH) Andrew Barbee to third Runner from 3rd tries for Home, SAFE, throw by RF to home Vic Alvarado to second
|
|
Batting: RHB Todd Smith
|
0-0: Called Strike 0-1: Foul Ball, location: 2F 0-2: Fly out, F4 (Popup, 13, EV 74.4 MPH)
|
|
Batting: SHB Mike Felder
|
0-0: Swinging Strike 0-1: Ball 1-1: Ball 2-1: Ball 3-1: Foul Ball, location: 2F 3-2: Base on Balls
|
|
Batting: LHB Hector Arroyo
|
0-0: Called Strike 0-1: Ball 1-1: Ball 2-1: Foul Ball, location: 2F 2-2: Strikes out looking
|
| Top of the 2nd over - 2 runs, 2 hits, 0 errors, 2 left on base; Amarillo 2 - Shreveport 0 |
| BOTTOM OF THE 2ND |
|
Shreveport Braves batting - Pitching for Amarillo Gold Sox : LHP Gregg Lorenz
|
|
Batting: RHB Alfonso Gomez
|
0-0: Ball 1-0: Called Strike 1-1: SINGLE (Groundball, 23, EV 83.8 MPH) (infield hit)
|
|
Batting: SHB Michael Lessard
|
0-0: Ball 1-0: Ball 2-0: Ball 3-0: Base on Balls Alfonso Gomez to second
|
|
Batting: RHB Donald Eagan
|
0-0: Ball 1-0: Foul Ball, location: 2F 1-1: Foul Ball, location: 2F 1-2: Ball 2-2: Ball 3-2: Foul Ball, location: 2F 3-2: Fly out, F8 (Flyball, 8LD, EV 80.0 MPH) Runner from 2nd tags up, SAFE at 3rd, no throw by CF
|
|
Batting: RHB Thomas Popovich
|
0-0: Ball 1-0: Fielders Choice at 2nd, 5-4 (Groundball, 56S, EV 85.0 MPH) Alfonso Gomez scores
|
|
Batting: LHB Jim Watkins
|
0-0: Ball 1-0: Called Strike 1-1: Foul Ball, location: 2F 1-2: Ball 2-2: Fielders Choice at 2nd, 5-4 (Groundball, 5, EV 83.8 MPH)
|
| Bottom of the 2nd over - 1 run, 1 hit, 0 errors, 1 left on base; Amarillo 2 - Shreveport 1 |
| TOP OF THE 3RD |
|
Amarillo Gold Sox batting - Pitching for Shreveport Braves : RHP Andre Treadway
|
|
Batting: SHB Al Newman
|
0-0: Called Strike 0-1: Ground out 4-3 (Groundball, 4, EV 106.3 MPH)
|
|
Batting: SHB Steve Jeltz
|
0-0: Ball 1-0: Swinging Strike 1-1: Fly out, F6 (Flyball, 56D, EV 76.9 MPH)
|
|
Batting: LHB Derwin McNealy
|
0-0: Ball 1-0: Foul Ball, location: 2F 1-1: Called Strike 1-2: Ball 2-2: Ground out U3 (Groundball, 3S, EV 76.3 MPH)
|
| Top of the 3rd over - 0 runs, 0 hits, 0 errors, 0 left on base; Amarillo 2 - Shreveport 1 |
| BOTTOM OF THE 3RD |
|
Shreveport Braves batting - Pitching for Amarillo Gold Sox : LHP Gregg Lorenz
|
|
Batting: LHB Pete Bazan
|
0-0: Ball 1-0: SINGLE (Groundball, 34D, EV 103.1 MPH)
|
|
Batting: LHB Rusty McNealy
|
0-0: Foul Ball, location: 2F 0-1: Fly out, F7 (Line Drive, 7D, EV 93.8 MPH)
|
|
Batting: RHB Jeff Matthews
|
0-0: Called Strike 0-1: Ball 1-1: Ball 2-1: Ball 3-1: Fly out, F8 (Flyball, 89D, EV 83.8 MPH)
|
|
Batting: SHB Sap Randall
|
0-0: Ball 1-0: Foul Ball, location: 2F 1-1: Foul Ball, location: 2F 1-2: Strikes out looking
|
| Bottom of the 3rd over - 0 runs, 1 hit, 0 errors, 1 left on base; Amarillo 2 - Shreveport 1 |
| TOP OF THE 4TH |
|
Amarillo Gold Sox batting - Pitching for Shreveport Braves : RHP Andre Treadway
|
|
Batting: RHB Andrew Barbee
|
0-0: Ball 1-0: Ground out 6-3 (Groundball, 6S, EV 88.1 MPH)
|
|
Batting: RHB Chino Cadahia
|
0-0: Ball 1-0: Called Strike 1-1: Fly out, F9 (Flyball, 89D, EV 91.3 MPH)
|
|
Batting: RHB Vic Alvarado
|
0-0: Swinging Strike 0-1: Foul Ball, location: 2F 0-2: Foul Ball, location: 2F 0-2: Ball 1-2: Strikes out swinging
|
| Top of the 4th over - 0 runs, 0 hits, 0 errors, 0 left on base; Amarillo 2 - Shreveport 1 |
| BOTTOM OF THE 4TH |
|
Shreveport Braves batting - Pitching for Amarillo Gold Sox : LHP Gregg Lorenz
|
|
Batting: RHB Alfonso Gomez
|
0-0: Foul Ball, location: 2F 0-1: Swinging Strike 0-2: Strikes out looking
|
|
Batting: SHB Michael Lessard
|
0-0: Fly out, F8 (Line Drive, 8LD, EV 89.4 MPH)
|
|
Batting: RHB Donald Eagan
|
0-0: Ball 1-0: Foul Ball, location: 2F 1-1: Foul Ball, location: 2F 1-2: Fly out, F9 (Line Drive, 9, EV 95.0 MPH)
|
| Bottom of the 4th over - 0 runs, 0 hits, 0 errors, 0 left on base; Amarillo 2 - Shreveport 1 |
| TOP OF THE 5TH |
|
Amarillo Gold Sox batting - Pitching for Shreveport Braves : RHP Andre Treadway
|
|
Batting: RHB Todd Smith
|
0-0: Called Strike 0-1: Swinging Strike 0-2: SINGLE (Groundball, 6M, EV 86.3 MPH) (infield hit)
|
|
Batting: SHB Mike Felder
|
0-0: Foul Ball, location: 2F 0-1: Ball 1-1: Fly out, F5 (Popup, 25F, EV 90.6 MPH)
|
|
Batting: LHB Hector Arroyo
|
0-0: Grounds into double play, 4-6-3 (Groundball, 34, EV 105.0 MPH)
|
| Top of the 5th over - 0 runs, 1 hit, 0 errors, 0 left on base; Amarillo 2 - Shreveport 1 |
| BOTTOM OF THE 5TH |
|
Shreveport Braves batting - Pitching for Amarillo Gold Sox : LHP Gregg Lorenz
|
|
Batting: RHB Thomas Popovich
|
0-0: Called Strike 0-1: Ball 1-1: Called Strike 1-2: Foul Ball, location: 2F 1-2: Ball 2-2: Foul Ball, location: 2F 2-2: Ball 3-2: Foul Ball, location: 2F 3-2: Strikes out looking
|
|
Batting: LHB Jim Watkins
|
0-0: Ball 1-0: Ball 2-0: Fly out, F4 (Popup, 13, EV 90.0 MPH)
|
|
Batting: LHB Pete Bazan
|
0-0: Ball 1-0: Foul Ball, location: 2F 1-1: Ball 2-1: Foul Ball, location: 2F 2-2: Strikes out swinging
|
| Bottom of the 5th over - 0 runs, 0 hits, 0 errors, 0 left on base; Amarillo 2 - Shreveport 1 |
| TOP OF THE 6TH |
|
Amarillo Gold Sox batting - Pitching for Shreveport Braves : RHP Andre Treadway
|
|
Batting: SHB Al Newman
|
0-0: Ball 1-0: Called Strike 1-1: Ball 2-1: Ground out 6-3 (Groundball, 6, EV 81.9 MPH)
|
|
Batting: SHB Steve Jeltz
|
0-0: Ball 1-0: Foul Ball, location: 2F 1-1: Foul Ball, location: 2F 1-2: Strikes out looking
|
|
Batting: LHB Derwin McNealy
|
0-0: Ball 1-0: Ground out 4-3 (Groundball, 4, EV 98.8 MPH)
|
| Top of the 6th over - 0 runs, 0 hits, 0 errors, 0 left on base; Amarillo 2 - Shreveport 1 |
| BOTTOM OF THE 6TH |
|
Shreveport Braves batting - Pitching for Amarillo Gold Sox : LHP Gregg Lorenz
|
|
Batting: LHB Rusty McNealy
|
0-0: SINGLE (Flyball, 4D, EV 95.0 MPH)
|
|
Batting: RHB Jeff Matthews
|
0-0: Fly out, F9 (Flyball, 89M, EV 88.1 MPH)
|
|
Batting: SHB Sap Randall
|
0-0: Called Strike Rusty McNealy is caught stealing 2nd base 2-4 0-1: Ball 1-1: Ball 2-1: Fly out, F7 (Flyball, 7LS, EV 81.9 MPH)
|
| Bottom of the 6th over - 0 runs, 1 hit, 0 errors, 0 left on base; Amarillo 2 - Shreveport 1 |
| TOP OF THE 7TH |
|
Amarillo Gold Sox batting - Pitching for Shreveport Braves : RHP Andre Treadway
|
|
Batting: RHB Andrew Barbee
|
0-0: Swinging Strike 0-1: Foul Ball, location: 2F 0-2: Ball 1-2: DOUBLE (Groundball, 5L, EV 95.0 MPH)
|
|
Batting: RHB Chino Cadahia
|
0-0: Fly out, F7 (Flyball, 7LM, EV 101.9 MPH)
|
|
Batting: RHB Vic Alvarado
|
0-0: DOUBLE (Line Drive, 3D, EV 101.9 MPH) Andrew Barbee scores
|
|
Batting: RHB Todd Smith
|
0-0: Ground out 3-1 (Groundball, 34, EV 89.4 MPH) Vic Alvarado to third
|
|
Batting: SHB Mike Felder
|
0-0: Intentional Walk
|
|
Batting: LHB Hector Arroyo
|
0-0: Called Strike 0-1: Ball 1-1: Called Strike Mike Felder steals 2nd base 1-2: Ball 2-2: Strikes out swinging
|
| Top of the 7th over - 1 run, 2 hits, 0 errors, 2 left on base; Amarillo 3 - Shreveport 1 |
| BOTTOM OF THE 7TH |
|
Shreveport Braves batting - Pitching for Amarillo Gold Sox : LHP Gregg Lorenz
|
|
Batting: RHB Alfonso Gomez
|
0-0: Ball 1-0: Foul Ball, location: 2F 1-1: Called Strike 1-2: Foul Ball, location: 2F 1-2: Foul Ball, location: 2F 1-2: Strikes out swinging
|
|
Batting: SHB Michael Lessard
|
0-0: Called Strike 0-1: SINGLE (Line Drive, 7S, EV 101.9 MPH)
|
|
Batting: RHB Donald Eagan
|
0-0: Called Strike 0-1: Foul Ball, location: 2F 0-2: Strikes out looking Michael Lessard steals 2nd base (no throw) Batter strikes out.
|
|
Batting: RHB Thomas Popovich
|
0-0: Ball 1-0: Ball 2-0: Ball 3-0: Base on Balls
|
|
Pinch Hitting: RHB Scott Ullger
|
0-0: Called Strike 0-1: Ball 1-1: Ball 2-1: SINGLE (Line Drive, 4, EV 96.9 MPH) Michael Lessard to third Thomas Popovich to second Runner from 3rd tries for Home, SAFE, throw by CF to home
|
|
Pitching: RHP Charles Schupp
|
|
|
Batting: LHB Pete Bazan
|
0-0: Ball 1-0: Ball 2-0: Ball 3-0: Base on Balls Thomas Popovich to third Scott Ullger to second
|
|
Batting: LHB Rusty McNealy
|
0-0: Ball 1-0: Called Strike 1-1: Fly out, F8 (Line Drive, 8LM, EV 99.4 MPH)
|
| Bottom of the 7th over - 1 run, 2 hits, 0 errors, 3 left on base; Amarillo 3 - Shreveport 2 |
| TOP OF THE 8TH |
|
Amarillo Gold Sox batting - Pitching for Shreveport Braves : RHP Andre Treadway
|
|
Now in CF: Daniel Supple
|
|
|
Batting: SHB Al Newman
|
0-0: Ball 1-0: Ball 2-0: Ball 3-0: Base on Balls
|
|
Batting: SHB Steve Jeltz
|
0-0: Ball Al Newman steals 2nd base 1-0: Ball 2-0: Ball 3-0: Called Strike 3-1: Called Strike 3-2: Base on Balls
|
|
Batting: LHB Derwin McNealy
|
0-0: Foul Ball, location: 2F 0-1: Ball 1-1: Ball 2-1: Foul Ball, location: 2F 2-2: SINGLE (Line Drive, 9LS, EV 105.0 MPH) Al Newman to third Steve Jeltz to second Runner from 3rd tries for Home, SAFE, throw by RF to home
|
|
Batting: RHB Andrew Barbee
|
0-0: Ball 1-0: Foul Ball, location: 2F 1-1: Ball 2-1: Foul Ball, location: 2F 2-2: Ball 3-2: Foul Ball, location: 2F 3-2: Grounds into double play, 3-6-3 (Groundball, 3, EV 104.4 MPH) Steve Jeltz to third
|
|
Batting: RHB Chino Cadahia
|
0-0: Ball 1-0: Ball 2-0: Ground out 6-3 (Groundball, 6D, EV 79.4 MPH)
|
| Top of the 8th over - 1 run, 1 hit, 0 errors, 1 left on base; Amarillo 4 - Shreveport 2 |
| BOTTOM OF THE 8TH |
|
Shreveport Braves batting - Pitching for Amarillo Gold Sox : RHP Charles Schupp
|
|
Batting: RHB Jeff Matthews
|
0-0: Called Strike 0-1: Ball 1-1: Foul Ball, location: 2F 1-2: Foul Ball, location: 2F 1-2: Fly out, F9 (Flyball, 9LD, EV 96.9 MPH)
|
|
Batting: SHB Sap Randall
|
0-0: Ground out 1-3 (Groundball, 34S, EV 70.0 MPH)
|
|
Batting: RHB Alfonso Gomez
|
0-0: Ground out 5-3 (Groundball, 56S, EV 88.1 MPH)
|
| Bottom of the 8th over - 0 runs, 0 hits, 0 errors, 0 left on base; Amarillo 4 - Shreveport 2 |
| TOP OF THE 9TH |
|
Amarillo Gold Sox batting - Pitching for Shreveport Braves : RHP Andre Treadway
|
|
Pitching: LHP Lee Belanger
|
|
|
Batting: RHB Vic Alvarado
|
0-0: Ground out U3 (Groundball, 34S, EV 77.5 MPH)
|
|
Batting: RHB Todd Smith
|
0-0: Called Strike 0-1: Called Strike 0-2: Strikes out swinging
|
|
Batting: SHB Mike Felder
|
0-0: Foul Ball, location: 2F 0-1: Swinging Strike 0-2: Ball 1-2: Ball 2-2: Fly out, F3 (Popup, 34, EV 72.5 MPH)
|
| Top of the 9th over - 0 runs, 0 hits, 0 errors, 0 left on base; Amarillo 4 - Shreveport 2 |
| BOTTOM OF THE 9TH |
|
Shreveport Braves batting - Pitching for Amarillo Gold Sox : RHP Charles Schupp
|
|
Pitching: RHP Joel Finch
|
|
|
Batting: SHB Michael Lessard
|
0-0: Ball 1-0: Ball 2-0: Called Strike 2-1: Foul Ball, location: 2F 2-2: Ground out 6-3 (Groundball, 6, EV 83.1 MPH)
|
|
Batting: RHB Donald Eagan
|
0-0: Called Strike 0-1: Called Strike 0-2: Ball 1-2: Strikes out swinging
|
|
Batting: RHB Thomas Popovich
|
0-0: Ball 1-0: Ball 2-0: Fly out, F7 (Flyball, 7D, EV 90.6 MPH)
|
| Bottom of the 9th over - 0 runs, 0 hits, 0 errors, 0 left on base; Amarillo 4 - Shreveport 2 |
|